 Dungeon Crawl Stone Soup version 0.31-a0-188-g5e087ee2ca (webtiles) character file.

Game seed: 14287492859921887901

19 qw the Shooter (level 2, 0/16 HPs)
             Began as a Deep Elf Hunter on June 22, 2023.
             Slain by Jessica
             ... wielding a +3 spectral club
              (4 damage)
             ... on level 1 of the Dungeon.
             The game lasted 00:00:15 (795 turns).

qw the Shooter (Deep Elf Hunter)                     Turns: 795, Time: 00:00:16

Health: 0/16       AC:  5    Str:  7 (8)  XL:     2   Next: 55%
Magic:  4/4        EV: 10    Int: 12 (13) God:
Gold:   44         SH:  0    Dex: 15 (18) Spells: 1/1 levels left

rFire   . . .        Y - +0 shortbow
rCold   . . .        (shield currently unavailable)
rNeg    . . .        i - +0 ring mail
rPois   +            (no helmet)
rElec   .            (no cloak)
rCorr   .            (no gloves)
SInv    .            (no boots)
Will    .....        (no amulet)
Stlth   +            k - ring of poison resistance
HPRegen 0.22/turn    (no ring)
MPRegen 0.09/turn

%: no passive effects
@: no status effects
A: no striking features
a: no special abilities


You were on level 1 of the Dungeon.
You visited 1 branch of the dungeon, and saw 2 of its levels.

You collected 44 gold pieces.


   Skills:
 - Level 1.5 Fighting
 + Level 6.3 Ranged Weapons
 - Level 2.4 Dodging
 - Level 1.2 Stealth


You had one spell level left.
You didn't know any spells.
Your spell library was empty.

Inventory:

Hand Weapons
 Y - a +0 shortbow (weapon)
Armour
 i - a +0 ring mail (worn)
Jewellery
 k - a ring of poison resistance (left hand)
Potions
 j - a potion of haste {unknown}

Dungeon Overview and Level Annotations

Branches:
Dungeon (2/15)

Altars:

Annotations:
D:1 Jessica


Message History

(D) Dungeon
Where to? (* - list waypoints, Enter - D:2, ? - help)
What level of the Dungeon? (default 1, ? - help)
There is a stone staircase leading up here.
You climb upwards.
There is a stone staircase leading down here.
Enter note:
Enter note:
Enter note:
There is a stone staircase leading down here.
Enter note:
Enter note:
Enter note: You climb downwards.
The goblin shouts!
Jessica shouts!
Found a book of Conjurations, 9 gold pieces and a short sword.
Found an escape hatch in the ceiling.
There is a stone staircase leading up here.
You shoot an arrow.
The arrow barely misses the ball python.
You shoot an arrow. The arrow hits the ball python.
You kill the ball python!
You shoot an arrow. The arrow closely misses the goblin.
The goblin hits you with a +0 club.
You shoot an arrow. The arrow closely misses Jessica.
The goblin hits you with a +0 club. Jessica hits you but does no damage.
The +3 spectral club hits you.
A +3 spectral club comes into view.
793 ||| STAIRDANCE Jessica casts a spell at you.
Pain shoots through your body!
Ouch! That really hurt!
The goblin hits you but does no damage.
You climb upwards.
The +3 spectral club disappears.
There is a stone staircase leading down here.
You shoot an arrow. The arrow hits Jessica.
Jessica is severely wounded.
The goblin hits you but does no damage.
Jessica hits you with a +3 spectral club.
You die...

######..##...#..'~'..#.......#
#. #
#..##...#.##~##<####.##.###. #
#..##...###7~7###....#...##. #
#..##...##~~~~P####....#.... #
#..#....##7~~~7# #......### #
#...........7## #...#.## #
#.##......#########...#.#### #
#.##......@.g...(.....#....% #
#.##.#.#.#.@..........#####.
#....##.###...........# #.
####.###.#.#.########## #.
#......##.##############.
###.#####.#.............. #.#
##.#.############# #.####....#
#.........# ######.>..#


You could see Jessica and a goblin.

Vanquished Creatures
  3 ball pythons
  A bat (D:1)
  An endoplasm (D:1)
  2 giant cockroaches (D:1)
  2 hobgoblins (D:1)
  2 kobolds (D:1)
  2 frilled lizards (D:1)
  3 goblins (D:1)
  2 rats (D:1)
18 creatures vanquished.

Notes
Turn   | Place    | Note
-------+----------+-------------------------------------------
     0 | D:1      | qw the Deep Elf Hunter began the quest for the Orb.
     0 | D:1      | Reached XP level 1. HP: 12/12 MP: 3/3
     0 | D:1      | 0 ||| qw: Version: 0.3-a-9-g12657ce
     0 | D:1      | 0 ||| qw: Game counter: 2996
     0 | D:1      | 0 ||| qw: Always use a shield: true
     0 | D:1      | 0 ||| qw: God list: Okawaru
     0 | D:1      | 0 ||| qw: Allow faded altars: false
     0 | D:1      | 0 ||| qw: Do Orc after D:15 true
     0 | D:1      | 0 ||| qw: Do second Lair branch before Depths: true
     0 | D:1      | 0 ||| qw: Lair rune preference: random
     0 | D:1      | 0 ||| qw: Plans: Normal
     0 | D:1      | 0 ||| PLANNING D:1-11
    70 | D:1      | Reached XP level 2. HP: 16/16 MP: 4/4
   115 | D:1      | Reached skill level 6 in Ranged Weapons
   271 | D:1      | Found a faded altar of an unknown god.
   701 | D:1      | 701 ||| UPGRADING to +0 ring mail.
   711 | D:1      | 711 ||| DROPPING +0 leather armour.
   712 | D:1      | 712 ||| UPGRADING to ring of poison resistance.
   713 | D:1      | 713 ||| READING scroll labelled HOGRUOBYINLE.
   714 | D:1      | 714 ||| READING scroll labelled JEMIDW GAKKUAWIEWE.
   715 | D:1      | 715 ||| READING scroll labelled QAOQEFANOL.
   716 | D:1      | 716 ||| DRINKING 2 blue potions.
   717 | D:1      | 717 ||| DRINKING 2 viscous yellow potions.
   722 | D:1      | 722 ||| DROPPING scroll of butterflies.
   723 | D:1      | 723 ||| DROPPING potion of degeneration.
   724 | D:1      | 724 ||| DROPPING potion of ambrosia.
   788 | D:2      | Noticed Jessica
   793 | D:2      | 793 ||| STAIRDANCE
   793 | D:2      | HP: 4/16 [Jessica/nerve-wracking pain (8)]
   795 | D:1      | Slain by Jessica

Levels and vault maps discovered:
D:1:      sevenhm_arrival_forest_fort_small_4, layout_loops_ring, serial_forest,
          infiniplex_forest_zigzag_1, infiniplex_forest_lined_4_way,
          infiniplex_forest_end_2, infiniplex_forest_clump_double,
          shapermc_ecumenical_altar_mp_ritualfount, minmay_tromino_v4_a
D:2:      minmay_diamond_boxcup, layout_loops_ring,
          corexii_item_surrounded_by_moat, minmay_fountain_box, minmay_circle_x,
          uniq_jessica

Skill      XL: |  1  2 |
---------------+-------+-----
Ranged Weapons | 6 |  6.3
Fighting       | |  1.5
Dodging        | |  2.4
Stealth        | |  1.2

Action                     || total
---------------------------++-------
   Fire: Shortbow          ||    43
    Use: Scroll            ||     3
         Potion            ||     2
 Armour: Leather armour    ||     3
         Ring mail         ||     3
  Dodge: Dodged            ||     7

Table legend:
 A = Non-vault XP
 B = Vault XP
 C = Vault XP percentage of total XP
 D = Non-vault monster count
 E = Vault monster count
 F = Vault count percentage of total count
                 A         B        C        D         E       F
            +---------+---------+-------+---------+---------+-------
      Total |      22 |       6 |  21.4 |      15 |       3 |  16.7
            +---------+---------+-------+---------+---------+-------
        D:1 |      21 |       6 |  22.2 |      14 |       3 |  17.6
        D:2 |       1 |       0 |   0.0 |       1 |       0 |   0.0
            +---------+---------+-------+---------+---------+-------
